 Dungeon Crawl Stone Soup version 0.28.0-45-g0d030f2227 (webtiles) character file.

Game seed: 8833538343083953574

30 Saba the Bolt Thrower (level 3, -5/22 HPs)
             Began as a Gargoyle Hunter on Apr 5, 2022.
             Slain by a black bear (9 damage)
             ... on level 2 of the Dungeon.
             The game lasted 00:01:14 (1030 turns).

Saba the Bolt Thrower (Gargoyle Hunter)             Turns: 1030, Time: 00:01:15

Health: -5/22      AC:  8    Str: 17    XL:     3   Next: 18%
Magic:  3/3        EV: 11    Int: 11    God:
Gold:   63         SH:  0    Dex: 10    Spells: 2/2 levels left

rFire   . . .      SeeInvis .   i - +2 whip (venom)
rCold   . . .      Faith    .   (no shield)
rNeg    + . .      Spirit   .   j - +0 ring mail
rPois   ∞          Reflect  .   (no helmet)
rElec   +          Harm     .   (no cloak)
rCorr   .          Rampage  .   (no gloves)
Will    .....                   (no boots)
Stlth   +.........              (no amulet)
HPRegen 0.07/turn               (no ring)
MPRegen 0.08/turn               (no ring)

@: no status effects
A: sickness immunity, AC +3, negative energy resistance 1, electricity
resistance, torment resistance 1, petrification resistance
a: no special abilities


You were on level 2 of the Dungeon.
You visited 1 branch of the dungeon, and saw 2 of its levels.

You collected 63 gold pieces.

Inventory:

Hand Weapons
 a - a +1 hand crossbow
 b - a +0 short sword
 i - a +2 whip of venom (weapon)
Missiles
 d - 20 bolts
Armour
 j - a +0 ring mail (worn)
Scrolls
 e - a scroll of teleportation {unknown}
 g - 2 scrolls of identify {unknown}
 h - a scroll of holy word {unknown}


   Skills:
 + Level 2.7 Fighting
 + Level 4.2 Crossbows
 + Level 1.2 Armour
 + Level 2.0 Dodging
 - Level 1.1 Stealth


You had 2 spell levels left.
You didn't know any spells.
Your spell library was empty.

Dungeon Overview and Level Annotations

Branches:
Dungeon (2/15)

Altars:


Innate Abilities, Weirdness & Mutations

You are immune to sickness and miasma.
Your stone body is resilient. (AC +3)
You are immune to poison.
You resist negative energy. (rN+)
You are resistant to electric shocks. (rElec)
You are resistant to unholy torment.
You are immune to petrification.


Message History

A black bear comes into view.
Found a stone staircase leading down.
The black bear growls angrily.
A black bear is nearby!
You closely miss the black bear.
The black bear bites you but does no damage.
The black bear claws you.
The black bear claws you but does no damage.
You whack the black bear!
The black bear is poisoned.
The black bear is moderately wounded.
The black bear bites you. The black bear closely misses you. x2
You hit the black bear.
The black bear is moderately wounded.
The black bear bites you. The black bear claws you.
The black bear claws you but does no damage.
You are too injured to fight recklessly!
You are too injured to fight recklessly!
You are too injured to fight recklessly!
You hit the black bear.
The black bear is severely wounded.
The black bear bites you.
* * * LOW HITPOINT WARNING * * *
The black bear claws you but does no damage. x2
The black bear goes berserk!
It was a potion of curing.
You feel better.
The black bear bites you but does no damage.
The black bear barely misses you. x2
The black bear bites you! The black bear misses you. x2
You feel better. The black bear bites you!
* * * LOW HITPOINT WARNING * * *
The black bear claws you.
* * * LOW HITPOINT WARNING * * *
The black bear closely misses you.
You hit the black bear but do no damage.
The black bear looks even sicker.
The black bear is almost dead.
The black bear barely misses you.
The black bear claws you but does no damage. x2
The black bear bites you!
You die...

..#..........#
............# #.#..#
.####......>.....
....##..#..............
#.#...>....>...........
#.#.... ## #......<....
###....# . ###......#
......## #. #h.##..#
.......###.#.###@.##..##
........................
...†.#.#######........##
.....#..### ##.......#
.....##...# #......##
##...####.#####......#
##..........#..##.#..#
##...####..#.###.#..#
##............#.. ..


You could see a black bear (berserk, very poisoned).

Vanquished Creatures
  2 dart slugs (D:1)
  An endoplasm (D:1)
  2 giant cockroaches
  3 goblins (D:1)
  6 hobgoblins
  A quokka (D:1)
  5 bats (D:1)
  A kobold (D:1)
  2 rats (D:1)
23 creatures vanquished.

Notes
Turn   | Place    | Note
-------+----------+-------------------------------------------
     0 | D:1      | Saba the Gargoyle Hunter began the quest for the Orb.
     0 | D:1      | Reached XP level 1. HP: 12/12 MP: 1/1
   239 | D:1      | Reached XP level 2. HP: 16/18 MP: 2/2
   481 | D:1      | Reached skill level 1 in Armour
   700 | D:1      | Reached XP level 3. HP: 16/22 MP: 3/3
  1018 | D:2      | Noticed a black bear
  1030 | D:2      | Slain by a black bear

Illustrated notes

Levels and vault maps discovered:
D:1:      psy_arrival_whirlpool, layout_rooms
D:2:      layout_rooms, minmay_quadrilaterals

Skill      XL: |  1  2 |
---------------+-------+-----
Armour         | 1 |  1.2
Dodging        | 2 |  2.0
Fighting       | |  2.7
Crossbows      | |  4.2
Stealth        | |  1.1

Action                   || total
-------------------------++-------
Melee: Short sword       ||    71
       Whip              ||     9
  Use: Potion            ||     2
Armor: Leather armour    ||    36
       Ring mail         ||    10
Dodge: Dodged            ||    64
